AoeStats
← 烏雲中

Lombardia

508218714Analyzed
4v4 RM · 11d ago on Sep 21, 2026· 44m 36s· 8 players
Game mode
Random Map
Map size
Large (8 player)
Population
200
Speed
Normal
Resources
Standard
Victory
Conquest
Starting age
Dark Age
Ending age
Imperial Age
RankedLock teamsTeams togetherTeam positionsShared explorationLock speedFull tech treeHidden civsTurbo modeCheats
Victory
Defeat
🇹🇼 Koreans · Taiwan
1519
+8
🇹🇼 Franks · Taiwan
1310
+16
🇹🇼 Spanish · Taiwan
1265
+18
🇹🇼 Cumans · Taiwan
1087
+24
🇷🇺 Poles · Russia
1336
-18
🇬🇷 Vikings · Greece
1321
-17
🇬🇧 Spanish · United Kingdom
1303
-16
🇯🇵 Japanese · Japan
1274
-15
milesburkley
5:00 Loom
13:34 Feudal Age
14:29 Double-Bit Axe
14:26 Horse Collar
17:15 Castle Age
19:07 Bow Saw
20:06 Heavy Plow
24:53 Wheelbarrow
26:17 Hand Cart
28:13 Gold Mining
31:51 Imperial Age
29:33 Stone Mining
30:25 Scale Barding Armor
30:30 Forging
31:02 Bloodlines
31:10 Husbandry
31:31 Chain Barding Armor
32:34 Iron Casting
32:09 Cavalier
33:39 Plate Barding Armor
34:17 Conscription
35:40 Blast Furnace
35:37 Paladin
40:37 Supremacy
42:52 Hoardings
41:48 Sappers
42:30 Masonry
hirai
8:52 Feudal Age
9:42 Double-Bit Axe
11:09 Horse Collar
11:38 Loom
14:56 Wheelbarrow
14:58 Scale Barding Armor
15:09 Forging
16:09 Scale Barding Armor
22:26 Castle Age
23:02 Fletching
23:36 Bow Saw
23:49 Bodkin Arrow
23:54 Padded Archer Armor
24:58 Gold Mining
25:54 Husbandry
27:16 Ballistics
29:17 Hand Cart
31:28 Stone Mining
32:44 Thumb Ring
32:43 Town Watch
max_paynich
0:32 Loom
10:43 Feudal Age
8:58 Loom
11:27 Horse Collar
11:34 Double-Bit Axe
18:08 Castle Age
21:29 Scale Barding Armor
26:20 Wheelbarrow
28:01 Heavy Plow
29:24 Fletching
30:19 Szlachta Privileges
30:29 Bloodlines
30:32 Forging
33:59 Imperial Age
31:36 Husbandry
32:58 Iron Casting
32:45 Hand Cart
32:16 Town Watch
32:57 Gold Mining
32:58 Stone Mining
34:39 Ballistics
35:17 Conscription
34:19 Cavalier
34:37 Light Cavalry
38:12 Chain Barding Armor
38:52 Blast Furnace
38:05 Winged Hussar
39:04 Bow Saw
39:40 Scale Mail Armor
39:42 Squires
39:27 Arson
39:03 Pikeman
41:04 Bodkin Arrow
43:46 Lechitic Legacy
44:38 Crop Rotation
mojotzotzo
10:13 Loom
11:58 Feudal Age
16:17 Castle Age
14:57 Double-Bit Axe
14:53 Horse Collar
15:04 Gold Mining
17:03 Fletching
17:25 Bow Saw
17:39 Bodkin Arrow
17:29 Crossbowman
27:18 Stone Mining
高德納
5:08 Loom
9:09 Feudal Age
11:05 Double-Bit Axe
15:12 Fletching
18:42 Horse Collar
23:51 Castle Age
23:14 Gold Mining
24:45 Bodkin Arrow
24:12 Crossbowman
27:03 Ballistics
30:49 Wheelbarrow
37:09 Imperial Age
36:04 Thumb Ring
36:55 Hand Cart
36:25 Town Watch
37:28 Arbalester
38:41 Bracer
40:04 Town Watch
41:39 Town Patrol
41:09 Pikeman
41:50 Squires
41:51 Scale Mail Armor
43:17 Conscription
44:24 Chemistry
44:08 Treadmill Crane
戳中之霸 DY能兒
7:51 Loom
11:09 Feudal Age
16:20 Castle Age
14:26 Double-Bit Axe
19:05 Bow Saw
19:56 Padded Archer Armor
22:03 Wheelbarrow
22:41 Leather Archer Armor
23:19 Husbandry
26:01 Bloodlines
28:24 Hand Cart
28:38 Horse Collar
36:34 Imperial Age
36:58 Gold Mining
37:43 Sanctity
37:35 Fervor
38:58 Two-Man Saw
38:33 Conscription
38:39 Elite Conquistador
40:22 Ring Archer Armor
42:25 Chemistry
43:23 Pikeman
44:21 Scale Mail Armor
貓妖
7:31 Loom
9:59 Feudal Age
12:44 Double-Bit Axe
22:57 Castle Age
20:48 Horse Collar
21:32 Scale Barding Armor
21:47 Gold Mining
22:17 Bloodlines
22:46 Forging
24:10 Wheelbarrow
24:10 Chain Barding Armor
25:54 Gold Shaft Mining
29:59 Bow Saw
31:21 Hand Cart
30:51 Town Watch
33:40 Steppe Husbandry
37:01 Imperial Age
36:33 Iron Casting
43:19 Elite Steppe Lancer
44:28 Heavy Plow
烏雲中
7:04 Loom
9:22 Feudal Age
12:27 Double-Bit Axe
15:10 Scale Barding Armor
15:39 Forging
23:02 Castle Age
24:49 Husbandry
25:12 Chain Barding Armor
25:32 Bow Saw
26:34 Wheelbarrow
29:58 Gold Mining
33:44 Hand Cart
35:15 Town Watch
36:57 Iron Casting
39:55 Fletching
43:51 Imperial Age
42:33 Bodkin Arrow
43:55 Cavalier
Connection lost

Rejoining the realm…

Still unreachable

The connection could not be restored.

Session expired

The server has moved on; the page needs a fresh start.